 Dungeon Crawl Stone Soup version 0.21.1-1-g345015f (webtiles) character file.

90 Kagorn the Skirmisher (level 4, -1/29 HPs)
             Began as a Gargoyle Fighter on July 16, 2018.
             Was an Initiate of Okawaru.
             Slain by Grinder (4 damage)
             ... while paralysed by Grinder
             ... on level 2 of the Dungeon.
             The game lasted 00:06:56 (1352 turns).

Kagorn the Skirmisher (Gargoyle Fighter)            Turns: 1352, Time: 00:06:57

Health: -1/29      AC: 10    Str: 19    XL:     4   Next: 56%
Magic:  4/4        EV:  2    Int: 14    God:    Okawaru [......]
Gold:   156        SH:  0    Dex: 10    Spells: 3/3 levels left

rFire    . . .     SeeInvis .   a - +0 long sword
rCold    . . .     Gourm    .   c - +0 shield
rNeg     + . .     Faith    .   b - +0 scale mail
rPois    ∞         Spirit   .   (no helmet)
rElec    +         Reflect  .   (no cloak)
rCorr    .         Harm     .   (no gloves)
MR       .....                  (no boots)
Stlth    ..........             (no amulet)
HPRegen  0.09/turn              (no ring)
MPRegen  0.09/turn              (no ring)

@: paralysed, brilliant
A: negative energy resistance 1, electricity resistance, unbreathing,
petrification resistance, rot immunity, AC +3
a: Renounce Religion


You were on level 2 of the Dungeon.
You worshipped Okawaru.
Okawaru was noncommittal.
You were not hungry.

You visited 1 branch of the dungeon, and saw 3 of its levels.

You collected 156 gold pieces.

Inventory:

Hand Weapons
 a - a +0 long sword (weapon)
Missiles
 h - 4 tomahawks (quivered)
Armour
 b - a +0 scale mail (worn)
 c - a +0 shield (worn)
Scrolls
 e - 4 scrolls of identify {unknown}
 i - a scroll of teleportation {unknown}
 j - a scroll of remove curse {unknown}
 m - a scroll of fear {unknown}
Potions
 d - a potion of might
 g - a potion of curing
 l - a potion of flight {unknown}
 n - a potion of cancellation
 o - a potion of resistance {unknown}
Comestibles
 f - 4 rations


   Skills:
 * Level 4.0 Fighting
 * Level 2.7 Long Blades
 + Level 3.7 Armour
 + Level 1.0 Dodging
 + Level 3.7 Shields


You had 3 spell levels left.
You didn't know any spells.

Dungeon Overview and Level Annotations

Branches:
Dungeon (3/15)

Altars:
Dithmenos
Hepliaklqana
Okawaru
Qazlal
Sif Muna

Annotations:
D:2 Grinder


Innate Abilities, Weirdness & Mutations

You are resistant to torment.
Your stone body is resilient. (AC +3)
You are immune to poison.
You resist negative energy. (rN+)
You are resistant to electric shocks. (rElec)
You can survive without breathing.
You are immune to petrification.
You are immune to rotting.


Message History

Pain shoots through your body!
The jackal bites you but does no damage. x2
The orc hits you but does no damage. Grinder gestures at you.
You shrug off the repeated paralysis!
The jackal bites you but does no damage.
The jackal bites you.
The jackal bites you but does no damage.
The orc hits you but does no damage. Grinder gestures at you.
You resist with significant effort.
The jackal bites you but does no damage.
The jackal bites you but does no damage. x2
The orc hits you. Grinder hits you.
* * * LOW HITPOINT WARNING * * *
The jackal bites you.
* * * LOW HITPOINT WARNING * * *
The jackal bites you but does no damage.
The orc hits you but does no damage. Grinder hits you.
You die...

###########
##.........#
#..........#
#†.........#
##..........#
#...(.......#
#....(...5.h#
#####.##..(...@.#
##........##(.oh.#
##..##..##.##.....#
#..###..##........#
####....#...#.#####
#..........##.##
#..((.......#..#
#...........##.##
#(.....).....#..#


You could see Grinder, an orc and 2 jackals.

Vanquished Creatures
  4 adders
  A worm (D:2)
  2 dart slugs (D:1)
  An orc (D:3)
  A ball python (D:2)
  A giant cockroach (D:2)
  6 goblins
  6 hobgoblins
  A jackal (D:1)
  9 kobolds
  2 quokkas
  5 bats
  3 frilled lizards
  3 rats
45 creatures vanquished.

Notes
Turn   | Place    | Note
-------+----------+-------------------------------------------
     0 | D:1      | Kagorn the Gargoyle Fighter began the quest for the Orb.
     0 | D:1      | Reached XP level 1. HP: 14/14 MP: 1/1
   165 | D:1      | Reached XP level 2. HP: 19/19 MP: 2/2
   299 | D:1      | Found an iron altar of Okawaru.
   315 | D:1      | Reached XP level 3. HP: 22/24 MP: 3/3
   777 | D:1      | Became a worshipper of Warmaster Okawaru
   858 | D:2      | Found a stormy altar of Qazlal.
   864 | D:2      | Found a deep blue altar of Sif Muna.
   868 | D:2      | Found a hazy altar of Hepliaklqana.
   886 | D:2      | Reached XP level 4. HP: 29/29 MP: 4/4
   898 | D:2      | Found a shadowy altar of Dithmenos.
  1271 | D:2      | Reached skill level 4 in Fighting
  1301 | D:2      | You fall through a shaft!
  1312 | D:3      | Reached skill level 1 in Dodging
  1327 | D:3      | Noticed Grinder
  1334 | D:3      | Paralysed by Grinder for 7 turns
  1346 | D:2      | Paralysed by Grinder for 7 turns
  1352 | D:2      | Slain by Grinder

Skill      XL: |  1  2  3  4 |
---------------+-------------+-----
Long Blades    | 2 |  2.7
Fighting       | 4 |  4.0
Dodging        | 1 |  1.0
Armour         | |  3.7
Shields        | |  3.7

Action                   |  1- 3 |  4- 6 || total
-------------------------+-------+-------++-------
Melee: Long sword        |   120 |    69 ||   189
  Use: Potion            |       |     3 ||     3
  Eat: Ration            |       |     1 ||     1
Armor: Scale mail        |    78 |    78 ||   156
Dodge: Dodged            |    45 |    41 ||    86
Block: Shield            |    74 |    53 ||   127
       Rpst.: Long sword |    13 |    11 ||    24
